Cogmind - Beta 12 *** ADVENTURER MODE // 2023.06.22 @ 00:23:29 Player: EnemyLemon Result: Destroyed by D-53 Grenadier with Mini Grenade Launcher Performance ------------- Evolutions (0) 0 Regions Visited (0) 0 Robots Destroyed (5) 25 Value Destroyed (28) 28 Prototype IDs (0) 0 Alien Tech Used (0) 0 Bonus (0) 0 TOTAL SCORE: 53 Bonus ------- None Cogmind --------- Core Integrity 0/250 Matter 295/350 Energy 74/100 System Corruption 5% Temperature Cool (0) Movement Rolling (100) Location -11/Junkyard Parts ------- > --- POWER (1) -------- (None) > --- PROPULSION (2) --- Compact Wheel > --- UTILITY (2) ------ Small Storage Unit Small Matter Pod > --- WEAPON (2) ------- (None) > --- INVENTORY (8) ---- (None) Peak State ------------ > --- POWER ------------ Light Ion Engine > --- PROPULSION ------- Light Treads Light Treads > --- UTILITY ---------- Small Storage Unit Seismic Detector > --- WEAPON ----------- Assault Rifle Light Assault Rifle > --- INVENTORY -------- Light Ion Engine Wheel Compact Wheel Small Matter Pod Assault Rifle [Rating: 7] Favorites ----------- Power Light Ion Engine Engine Light Ion Engine Propulsion Light Treads Treads Light Treads Wheel Compact Wheel Utility Small Storage Unit Device Seismic Detector Storage Small Storage Unit Weapon Assault Rifle Ballistic Gun Assault Rifle Special Weapon Mining Laser Build | -11 ------- Run | Jun Slots Evolved . | . Power . | . Propulsion . | . Utility . | . Weapon . | . Parts Attached 15 | 15 Power 2 | 2 Engine 2 | 2 Core . | . Reactor . | . Propulsion 4 | 4 Treads 2 | 2 Leg . | . Wheel 2 | 2 Hover . | . Flight . | . Utility 4 | 4 Device 2 | 2 Storage 2 | 2 Processor . | . Hackware . | . Protection . | . Artifact . | . Weapon 5 | 5 Energy Gun . | . Energy Cannon . | . Ballistic Gun 4 | 4 Ballistic Cannon . | . Launcher . | . Special Weapon 1 | 1 Impact Weapon . | . Slashing Weapon . | . Piercing Weapon . | . Special Melee Weapon . | . Unidentified Prototypes . | . Parts Lost 9 | 9 Power 2 | 2 Propulsion 3 | 3 Utility 1 | 1 Weapon 3 | 3 Highest Loss Streak 9 | 9 To Critical Strikes . | . Average Slot Usage (%) . | . Naked Turns . | . Heaviest Build 12 | 12 Greatest Support 40 | 40 Greatest Overweight (x) . | . Average Overweight (x) . | . Largest Inventory Capacity 8 | 8 Average Capacity 7 | 7 Most Carried 7 | 7 Average Carried 5 | 5 Final Capacity 8 | 8 Final Carried . | . Class Distribution -------------------- None Dominant Class ---------------- None Resources | -11 ----------- Run | Jun Matter Collected 382 | 382 Remotely . | . Salvage Created 182 | 182 Parts 12 | 12 Haulers Intercepted . | . Recyclers Shooed . | . Parts Field Recycled . | . Retrieved Matter . | . Parts Self-Destructed . | . Prevented . | . Kills | -11 ------- Run | Jun Combat Hostiles Destroyed 2 | 2 Guns 2 | 2 Classes Destroyed 4 | 4 Worker 1 | 1 Tunneler 3 | 3 Recycler 1 | 1 Assembled 2 | 2 Best Kill Streak 2 | 2 Combat Bots Only 2 | 2 Max Kills in Single Turn 1 | 1 Gunslinging . | . Exploded . | . Melee . | . Uniques/NPCs Destroyed . | . Combat | -11 -------- Run | Jun Damage Taken 1003 | 1003 Core 250 | 250 Absorbed by Shields . | . Core Remaining (%) . | . Volleys Fired 22 | 22 Largest 2 | 2 Hottest 120 | 120 Shots Fired 42 | 42 Gun 40 | 40 Cannon . | . Launcher . | . Special 2 | 2 Kinetic 40 | 40 Thermal 2 | 2 Explosive . | . Electromagnetic . | . Robot Hit Streak 9 | 9 Robot Miss Streak 2 | 2 Penetration Max . | . Secondary Targets . | . Shots Hit Robots 25 | 25 Core Hits 15 | 15 Critical Kills . | . Critical Parts Destroyed . | . Critical Strikes . | . Melee Attacks . | . Impact . | . Slashing . | . Piercing . | . Sneak Attacks . | . Combat Hostiles . | . Follow-up Attacks . | . Damage Inflicted 253 | 253 Guns 253 | 253 Cannons . | . Explosions . | . Melee . | . Ramming . | . Kinetic 253 | 253 Thermal . | . Explosive . | . Electromagnetic . | . Impact . | . Slashing . | . Piercing . | . Highest Corruption 5 | 5 Average Corruption 4 | 4 Corruption Purged . | . Corruption Blocked . | . Effects 1 | 1 Parts Rejected 1 | 1 Overload Shots . | . Overflow Damage . | . Projectiles . | . Explosions . | . Melee . | . Knockbacks . | . Impact . | . Kinetic . | . Secondary . | . Self-Inflicted Damage . | . Shots . | . Rammed . | . Targets Rammed . | . Kicked . | . Crushed . | . Highest Temperature 40 | 40 Average Temperature 21 | 21 Received Heat Transfer 40 | 40 Siege Activations . | . Robots Corrupted . | . Combat Hostiles . | . Parts Fried . | . Impact Corruptions . | . Robots Melted . | . Combat Hostiles . | . Parts Melted . | . Heat Transferred . | . Parts Sabotaged . | . Parts Stolen . | . Parts Stripped . | . Power Chain Reactions . | . Missiles Intercepted . | . Alert | -11 ------- Run | Jun Peak Influence 25 | 25 Initial . | . Average 1 | 1 Maximum Alert Level . | . Low Security (%) 100 | 100 Level 1 . | . Level 2 . | . Level 3 . | . Level 4 . | . Level 5 . | . High Security . | . Max Security . | . Squads Dispatched . | . Investigation . | . Extermination . | . Reinforcement . | . Assault . | . Garrison . | . Intercept . | . Searches Triggered . | . Construction Impeded . | . Haulers Reinforced . | . Active Scanning Responses . | . Cargo Convoy Interrupts . | . Stealth | -11 --------- Run | Jun Distress Signals . | . Communications Jammed . | . Distress Signals . | . Times Spotted 22 | 22 Peak Tracking Total 20 | 20 Tactical Retreats . | . Traps | -11 ------- Run | Jun Traps Triggered . | . Indirectly . | . Trap Hack Attempts . | . Triggered . | . Disarmed . | . Reprogrammed . | . Reused . | . Traps Extracted . | . Installed . | . Triggered . | . Machines | -11 ---------- Run | Jun Machines Disabled . | . Max in Single Turn . | . Machines Repaired . | . Machines Sabotaged . | . Overloaded Fab Kills . | . Hacking | -11 --------- Run | Jun Machines Accessed . | . Terminals . | . Fabricators . | . Repair Stations . | . Recycling Units . | . Scanalyzers . | . Garrison Access . | . Total Hacks . | . Successful . | . Failed . | . Catastrophic . | . Database Lockouts . | . Manual . | . Terminals . | . Fabricators . | . Repair Stations . | . Recycling Units . | . Scanalyzers . | . Garrison Access . | . Terminal Hacks . | . Fabricator Hacks . | . Repair Station Hacks . | . Recycling Unit Hacks . | . Scanalyzer . | . Garrison Access Hacks . | . Unauthorized Hacks . | . Terminals . | . Fabricators . | . Repair Stations . | . Recycling Units . | . Scanalyzers . | . Garrison Access . | . Data Cores Recovered . | . Used . | . Hacking Detections . | . Full Trace Events . | . Feedback Events . | . Feedback Blocked . | . Robot Schematics Acquired . | . Robots Built . | . Authchips . | . Time . | . Total Robot Build Rating . | . Part Schematics Acquired . | . Parts Built . | . Authchips . | . Time . | . Total Part Build Rating . | . Parts Repaired . | . Time . | . Parts Recycled . | . Recycled Matter . | . Retrieved Matter . | . Retrieved Components . | . Parts Scanalyzed . | . Part Schematics Acquired . | . Parts Damaged . | . Bothacking | -11 ------------ Run | Jun Used RIF Installer . | . Robots Hacked . | . Non-combat . | . Combat . | . Robot Hacks Applied . | . Relay Couplers Released . | . Fabnet Peak Effective % . | . Robots Rewired . | . Allies Hacked . | . Hacks Repelled . | . Allies | -11 -------- Run | Jun Total Allies . | . Largest Group . | . Highest-Rated Group . | . Highest-Rated Ally . | . Total Orders . | . Ally Attacks . | . Total Damage . | . Kills . | . Allies Corrupted . | . Allies Melted . | . Intel | -11 ------- Run | Jun Robot Analysis Total . | . Derelict Logs Recovered . | . Drone Launches . | . Drone Recoveries . | . Exploration | -11 ------------- Run | Jun Turns Passed 5489 | 5489 Spaces Moved 1057 | 1057 Core 3 | 3 Treads 1054 | 1054 Legs . | . Wheels . | . Hover . | . Flight . | . Fastest Speed 50 | 50 Average Speed 159 | 159 Slowest Speed 160 | 160 Overloaded Moves . | . Propulsion Burnouts . | . Robots Hopped . | . Cave-ins Triggered . | . Exploration Rate (%) 97 | 97 Regions Visited . Branch Regions . Pre-discovered Areas . | . Known Exits Taken . | . Unknown Exits Taken . | . Scrap Searched . | . Spaces Dug 2 | 2 Terrain Destroyed 2 | 2 Melee . | . Projectile 2 | 2 AOE . | . Terrain Rammed . | . Walls Destroyed . | . Machines Disabled . | . Actions | -11 --------- Run | Jun Total 4815 | 4815 Wait 3708 | 3708 Move 1057 | 1057 Hop . | . Pick Up 12 | 12 Fast Attach 1 | 1 Attach 12 | 12 Detach . | . Swap 2 | 2 Drop 1 | 1 Fire 22 | 22 Melee . | . Ram . | . Kick . | . Crush . | . Escape Stasis . | . Rewire . | . Trap . | . Miscellaneous . | . Route ------- -11/Junkyard (discovered 1 exit: [*Mat]) History --------- Turn | Location | Event 7 | -11/Junkyard | Discovered new exit (range 14) 5445 | -11/Junkyard | Assembled infested the area 5471 | -11/Junkyard | Core integrity fell below 50% 5486 | -11/Junkyard | Core integrity fell below 20% 5490 | -11/Junkyard | Destroyed by D-53 Grenadier with Mini Grenade Launcher Last Messages --------------- 05484_ as-11705 destroyed. 05484_ as-59896 destroyed. 05484_ Lgt. Treads destroyed. 05485_ as-84272 destroyed. 05485_ as-92006 destroyed. 05485_ as-60938 destroyed. 05485_ as-73905 destroyed. 05486_ Lgt. Ion Engine destroyed. 05486_ as-33180 destroyed. 05486_ as-10366 destroyed. 05486_ as-23138 destroyed. 05486_ as-82631 destroyed. 05486_ as-31400 destroyed. 05487_ Lgt. Treads destroyed. 05487_ as-81426 destroyed. 05488_ as-44548 destroyed. 05489_ System corrupted: Assault Rifle rejected. 05489_ as-42906 destroyed. 05490_ Lgt. Assault Rifle destroyed. 05490_ Wheel destroyed. Map ----- +----------------------------------------------------+ | | | | | | | | | ?????????????????????????????????????????????????? | | ?????????????????????????????????????????????????? | | ?????????????????????????????????????????????????? | | ?????????????????????????????????????????????????? | | ?????????????????????????????????????????????????? | | ???????????????????????#??##?????????????????????? | | ???????????????????????"## ##????????????????????? | | ?????????????????????? " ?????????????????????? | | ??????????????????????" #????????????????????? | | ????????????????????? " #????????????????????? | | ?????????????????????? " ?????????????????????? | | ??????????????????????" ??????????????????????? | | ?????????????????????? ???????????????????????? | | ??????????????????????# #???????????????????????? | | ??????????????????##### ##############??????????? | | ?????????# ###### # %# #??????????? | | ?????????# a #= #??????????? | | ?????????# % = #??????????? | | ?????????# ????????????? | | ?????????# ???????????????? | | ?????????## ######### #??????????????????? | | ????????????????????# @ ##########?????????? | | ????????????????????# d #?????????? | | ????????????????????# d #?????????? | | ????????????????????## ####### #?????????? | | ?????????????????????## # # # #?????????? | | ??????????????????????###?### % #?????????? | | ????????????????????????????# ## #?????????? | | ????????????????????????????# ## #?????????? | | ????????????????????????????# ## #?????????? | | ????????????????????????????########## #?????????? | | ?????????????????????????????????##### ##????????? | | ?????????????????????????????????# #????????? | | ?????????????????????????????????# #????????? | | ?????????????????????????????????# #????????? | | ?????????????????????????????????# #????????? | | ?????????????????????????????????# #????????? | | ?????????????????????????????????# #????????? | | ??????################################ ###### #### | | ??????# | | ??????# | | ??????## # #### ################################ | | ???????# ## #??# #???????????????# | | ???????# ## #??# #???????????????# | | #?###### ## #??? #???????????????# | | ## ## ## #???? #????????????#### | +----------------------------------------------------+ Best States ------------- Heat Dissipation 25 Energy Generation 10 Energy Capacity 125 Matter Stores 300 Matter Capacity 350 Sight Range 16 Terrain Scan Density 10 Resistance: KI 20 Resistance: TH 20 Resistance: EX 20 Resistance: EM 20 Resistance: I 20 Resistance: S 20 Resistance: P 20 Evasion (%) 40 Recoil Reduction 2 Offensive Hacking 10 Item Schematics ----------------- None Robot Schematics ------------------ None Fabricated ------------ Nothing Alien Tech Used ----------------- None Achievements -------------- Curiosity Killed The Cat Challenges ------------ None Game ------ Seed OmegaFactoryFalx Manual? 0 Play Time 00:25:38 Cumulative 66.8 hours Start 2023.06.21 @ 23:55:09 End 2023.06.22 @ 00:23:29 Sessions 0 Manual Loads 0 Difficulty Adventurer Special Mode None Game No. 9 Rogue 0 Adventurer 9 Explorer 0 Win Type - Total 0 Types 0/0/0/0/0/0/0/0/0 Lore% 14 Gallery% 34 Achievement% 29 Wizard Run 0 Options --------- ASCII 0 Keyboard 0 Movement Mouse Keybinds 0 Fullscreen 1 Font 12/Tallcaps Map View 76x56 Tactical HUD 1 Map Filters NONE Filters NONE Steam 1 RUN: 1eb7ecd6-506e-4f38-9fc5-dab0f287021e